 Dungeon Crawl Stone Soup version 0.14-a0-1499-g388a102 (webtiles) character file.

782 Malachi the Ruinous (level 7, -7/49 HPs)
             Began as a Mummy Wizard on Dec 14, 2013.
             Mangled by a gnoll sergeant
             ... wielding a +2,+2 trident of dragon slaying
              (10 damage)
             ... on Level 5 of the Dungeon on Dec 15, 2013.
             The game lasted 00:14:25 (8059 turns).

Malachi the Ruinous (Mummy Wizard)                  Turns: 8059, Time: 00:14:25

HP  -7/49        AC  2     Str 10      XL: 7   Next: 20%
MP   9/14        EV 12     Int 19      God:
Gold 171         SH  0     Dex 10      Spells:  5 memorised,  1 level left

rFire  x . .     SeeInvis +     g - +4,+2 dwarf dagger (curse)
rCold  + . .     Clarity  .     a - +0 robe
rNeg   + + +     Conserve .     (no shield)
rPois  +         rCorr    .     b - +0 wizard hat
rElec  .         rRot     +     (no cloak)
SustAb . .       Spirit   .     (no gloves)
rMut   .         Warding  .     (no boots)
Saprov . . .     Stasis   .     (no amulet)
                                (no ring)
                                m - ring of see invisible

@: somewhat resistant to hostile enchantments, unstealthy
A: no food or potions, fire vulnerability, restore body, cold resistance 1, life
protection 3, poison resistance, torment resistance, unbreathing
a: no special abilities


You were on level 5 of the Dungeon.
You were not hungry.

You visited 1 branch of the dungeon, and saw 5 of its levels.
You also visited: Ossuary.

You collected 171 gold pieces.

Inventory:

Hand weapons
 g - a cursed +4,+2 dwarven dagger (weapon)
Missiles
 j - 5 tomahawks (quivered)
Armour
 a - a +0 robe (worn)
 b - a +0 wizard hat (worn)
Scrolls
 d - a scroll of enchant weapon II {unknown}
 e - a scroll of amnesia
 f - 4 scrolls of remove curse {unknown}
 h - a scroll of blinking {unknown}
 i - a scroll of immolation {unknown}
 k - a scroll of curse jewellery {unknown}
Jewellery
 m - a ring of see invisible (left hand)
Books
 c - a book of Minor Magic

   Spells                             Type                      Level
   *Magic Dart                        Conjuration                  1
   *Blink                             Translocation                2
   *Call Imp                          Summoning                    2
   Repel Missiles                     Charms/Air                   2
   Slow                               Hexes                        2
   *Conjure Flame                     Conjuration/Fire             3
   *Mephitic Cloud                    Conjuration/Poison/Air       3


   Skills:
 + Level 1.9 Fighting
 + Level 2.6 Short Blades
 + Level 0.2 Throwing
 - Level 1.5 Dodging
 - Level 1.5 Stealth
 - Level 3.0 Spellcasting
 * Level 4.8 Conjurations
 - Level 1.0 Summonings
 + Level 0.7 Translocations
 + Level 1.2 Air Magic
 + Level 1.1 Poison Magic


You had one spell level left.
You knew the following spells:

 Your Spells              Type           Power        Failure   Level  Hunger
a - Magic Dart            Conj           ###.         1%          1    N/A
b - Blink                 Tloc           N/A          21%         2    N/A
c - Call Imp              Summ           #.........   17%         2    N/A
d - Mephitic Cloud        Conj/Pois/Air  ##......     17%         3    N/A
e - Conjure Flame         Conj/Fire      ##......     17%         3    N/A

Dungeon Overview and Level Annotations

Branches:
Dungeon (5/16)
 Temple: D:4-7

Altars:
Kikubaaqudgha
Makhleb
Xom
the Shining One

Annotations:
D:5 July's ghost, weakling SpEn


Innate Abilities, Weirdness & Mutations

You do not eat or drink.
Your flesh is vulnerable to fire.
Your flesh is cold resistant.
You are immune to negative energy.
Your system is resistant to poisons.
You are immune to unholy pain and torment.
You can survive without breathing.


Message History

The gnoll is severely wounded.
The adder barely misses you.
The gnoll is engulfed in noxious fumes.
The gnoll appears confused.
The gnoll completely misses the gnoll sergeant.
The gnoll sergeant hits you from afar with a glowing trident!
You hit the gnoll.
The gnoll is almost dead.
The adder misses you.
You strike the helpless gnoll from behind!
You slash the gnoll!
You kill the gnoll!
The adder misses you.
The gnoll sergeant hits you from afar with a glowing trident!
* * * LOW HITPOINT WARNING * * *
Unknown command.
You hit the gnoll.
You kill the gnoll!
The adder bites you but does no damage.
The gnoll sergeant hits you from afar with a glowing trident!
You die...

... ... ... ...# #..
.... #.# #..# #.#
#.)# ##.#######..#
hg#.....#..#
#ยง#.###.#..#
#@#.#......#
#######S#.#.#.##.###
.....S.........#....#
#######.########.#.#
#.# ###.# #.# #.#####
#.# ##...... #.#
#....### #.# #....#


You could see a gnoll sergeant, an adder and a jackal.

Vanquished Creatures
  An ogre (D:4)
  A centaur (D:5)
  A jelly (D:5)
  An orc priest (D:4)
  2 orc wizards
  2 iguanas
  3 worker ants (D:4)
  A scorpion (D:4)
  A hound skeleton (D:4)
  2 adders
  3 gnolls (D:5)
  A giant mite (D:3)
  A worm (D:2)
  8 giant geckos
  13 orcs
  A giant cockroach (D:1)
  9 goblins
  10 hobgoblins
  3 quokkas
  A ball python (D:2)
  A ball python skeleton (D:4)
  7 bats
  A giant gecko zombie (D:5)
  A giant newt (D:2)
  2 hobgoblin skeletons (D:4)
  A hobgoblin zombie (Ossuary)
  2 jackals (D:2)
  14 kobolds
  A kobold zombie (Ossuary)
  An orc skeleton (D:4)
  A quokka zombie (D:4)
  9 rats
  A rat zombie (D:4)
107 creatures vanquished.

Vanquished Creatures (collateral kills)
  A scorpion (D:3)
  A big kobold zombie (Ossuary)
  An orc zombie (Ossuary)
3 creatures vanquished.

Vanquished Creatures (others)
  A crimson imp (D:4)
  A white imp (D:4)
  A gnoll zombie (Ossuary)
  A hobgoblin zombie (Ossuary)
4 creatures vanquished.

Grand Total: 114 creatures vanquished

Notes
Turn   | Place    | Note
--------------------------------------------------------------
     0 | D:1      | Malachi, the Mummy Wizard, began the quest for the Orb.
     0 | D:1      | Reached XP level 1. HP: 13/13 MP: 4/4
    34 | D:1      | Reached skill level 1 in Conjurations
   294 | D:1      | Reached XP level 2. HP: 13/19 MP: 0/6
   503 | D:1      | Learned a level 2 spell: Blink
   510 | D:1      | Learned a level 2 spell: Call Imp
  1385 | D:1      | Reached XP level 3. HP: 15/24 MP: 3/7
  1869 | D:2      | Learned a level 3 spell: Mephitic Cloud
  1888 | D:2      | Found an ancient bone altar of Kikubaaqudgha.
  3145 | D:3      | Reached XP level 4. HP: 30/30 MP: 5/9
  3496 | D:3      | Found a shimmering altar of Xom.
  3544 | D:3      | Found a burning altar of Makhleb.
  3670 | D:3      | Reached skill level 1 in Short Blades
  3819 | D:3      | Found a glowing golden altar of the Shining One.
  4319 | D:4      | Reached XP level 5. HP: 25/36 MP: 3/11
  4492 | D:4      | Found a sand-covered staircase.
  4540 | Ossuary  | Entered an ossuary
  4714 | Ossuary  | Reached skill level 1 in Fighting
  4718 | D:4      | Upgraded the game from 0.14-a0-1474-g1105da3 to 0.14-a0-1499-g388a102
  4854 | D:4      | Reached skill level 1 in Summonings
  5106 | D:4      | Noticed an ogre
  5123 | D:4      | Killed an ogre
  5123 | D:4      | Reached skill level 4 in Conjurations
  5123 | D:4      | Reached XP level 6. HP: 16/43 MP: 6/12
  5735 | D:4      | Noticed a phantom
  6087 | D:4      | Reached skill level 1 in Air Magic
  7501 | D:5      | Entered Level 5 of the Dungeon
  7508 | D:5      | Learned a level 3 spell: Conjure Flame
  7514 | D:5      | Reached skill level 1 in Poison Magic
  7600 | D:5      | Noticed July's ghost (weakling SpEn)
  7683 | D:5      | Reached XP level 7. HP: 17/49 MP: 5/14
  8059 | D:5      | Mangled by a gnoll sergeant

Action                   |  1- 3 |  4- 6 |  7- 9 || total
-------------------------+-------+-------+-------++-------
Melee: Dagger            |    57 |   230 |    10 ||   297
Throw: Tomahawk          |       |     4 |       ||     4
 Cast: Magic Dart        |    77 |    62 |     9 ||   148
       Mephitic Cloud    |       |    17 |     3 ||    20
       Call Imp          |       |    16 |       ||    16
       Conjure Flame     |       |     1 |       ||     1
       Blink             |       |     1 |       ||     1
  Use: Scroll            |       |    10 |       ||    10
 Stab: Sleeping          |       |     1 |     1 ||     2
       Confused          |       |    11 |     1 ||    12
